 Dungeon Crawl Stone Soup version 0.31-a0-1074-g0b22e4e0f1 (webtiles) character file.

Game seed: 3951907200238649934

16153 Jeffwins the Reanimator (level 12, -15/60 HPs)
             Began as a Vine Stalker Necromancer on Dec 4, 2023.
             Was an Elder of Vehumet.
             Killed from afar by a rime drake (23 damage)
             ... with an icy flash freeze
             ... on level 1 of the Lair of Beasts.
             The game lasted 00:24:57 (10550 turns).

Jeffwins the Reanimator (Vine Stalker Necromancer) Turns: 10550, Time: 00:24:58

Health: -15/60     AC: 10    Str: 12    XL:     12   Next: 34%
Magic:  0/25       EV: 11    Int: 25    God:    Vehumet [****..]
Gold:   579        SH: 10    Dex: 15    Spells: 10/28 levels left

rFire   . . .        M - +5 hand axe (freeze)
rCold   . . .        K - +0 buckler
rNeg    . . .        p - +3 leather armour of the Bard {SInv}
rPois   +            (no helmet)
rElec   .            r - +2 cloak
rCorr   .            (no gloves)
SInv    +            N - +0 pair of boots
Will    +....        n - amulet of reflection
Stlth   +++          I - +6 ring of intelligence
HPRegen 1.10/turn    P - ring of poison resistance
MPRegen 0.19/turn

%: reflection, guardian spirit
@: no status effects
A: fangs 3, regeneration 1, magic shield, antimagic bite, no potion heal 2
a: Renounce Religion


You were on level 1 of the Lair of Beasts.
You worshipped Vehumet.
Vehumet was greatly pleased with you.
You visited 3 branches of the dungeon, and saw 13 of its levels.
You also visited: Bailey.

You collected 579 gold pieces.


Innate Abilities, Weirdness & Mutations

You have razor-sharp teeth.
Your natural rate of healing is unusually fast.
When hurt, damage is shared between your health and your magic reserves.
Your bite disrupts and absorbs the magic of your enemies.
Potions cannot restore your health.


   Skills:
 + Level 5.4 Fighting
 * Level 5.2(5.6) Axes
 - Level 3.0(4.5) Polearms
 - Level 2.0 Dodging
 - Level 5.0 Stealth
 + Level 3.8 Shields
 * Level 8.9 Spellcasting
 + Level 2.3 Conjurations
 * Level 9.6 Necromancy
 - Level 4.0 Translocations
 * Level 2.2 Transmutations
 * Level 5.3 Fire Magic
 * Level 5.2 Air Magic
 + Level 2.1 Poison Magic
 + Level 5.1 Evocations


You had 10 spell levels left.
You knew the following spells:

 Your Spells              Type           Power      Damage    Failure   Level
m - Mephitic Cloud        Conj/Pois/Air  27%        N/A       2%          3
x - Vampiric Draining     Necr           56%        2d10      1%          3
z - Plasma Beam           Fire/Air       18%        2x1d30    38%         6
I - Blink                 Tloc           62%        N/A       3%          2
X - Ignite Poison         Fire/Tmut/Pois 27%        N/A       2%          3
Y - Necrotise             Necr           100%       1d9       1%          1

Your spell library contained the following spells:

 Spells                   Type           Power      Damage    Failure   Level
 Sticky Flame             Conj/Fire      30%        2d5       5%          4
 Apportation              Tloc           62%        N/A       1%          1
 Foxfire                  Conj/Fire      100%       2x1d9     1%          1
 Animate Dead             Necr           56%        N/A       1%          4
 Agony                    Necr           56%        N/A       5%          5
 Gell's Gravitas          Tloc           31%        N/A       6%          3
 Summon Small Mammal      Summ           44%        N/A       10%         1
 Passwall                 Tmut/Erth      13%        N/A       10%         2
 Vhi's Electric Charge    Tloc/Air       68%        N/A       14%         4
 Arcjolt                  Conj/Air       15%        1d25      16%         5
 Manifold Assault         Tloc           31%        N/A       19%         4
 Conjure Ball Lightning   Conj/Air       15%        3x3d6     58%         6
 Starburst                Conj/Fire      15%        6d6       58%         6
 Dispersal                Tloc           15%        N/A       96%         6
 Discord                  Hex            5%         N/A       100%        8
 Disjunction              Tloc           15%        N/A       100%        8

Inventory:

Hand Weapons
 M - a +5 hand axe of freezing (weapon)
 Q - a +0 spear of venom
Missiles
 c - 2 javelins
 e - 81 poisoned darts
 q - 2 curare-tipped darts {=f}
 z - 4 datura-tipped darts
 X - 4 throwing nets {=f}
Armour
 m - a +2 leather armour of fire resistance
 p - the +3 leather armour of the Bard (worn) {SInv}
   (You found it on level 3 of the Dungeon)

   SInv:      It lets you see invisible.
 r - a +2 cloak (worn)
 A - a +2 chain mail of cold resistance
 H - +0 acid dragon scales
 K - a +0 buckler (worn)
 N - a +0 pair of boots (worn)
 V - +0 steam dragon scales
Jewellery
 f - a ring of fire
 n - an amulet of reflection (around neck)
 E - a +5 ring of evasion
 F - a ring of protection from fire
 I - a +6 ring of intelligence (left hand)
 L - a ring of flight
 P - a ring of poison resistance (right hand)
 S - a +6 ring of strength
Wands
 u - a wand of light (11)
 v - a wand of charming (9)
 y - a wand of iceblast (15)
Scrolls
 d - 2 scrolls of fog
 i - 2 scrolls of poison {!r}
 j - 7 scrolls of amnesia
 k - 4 scrolls of immolation {!r}
 l - 2 scrolls of fear
 t - 2 scrolls of teleportation {@r4}
 C - 2 scrolls of butterflies
 T - 2 scrolls of enchant weapon
 W - 3 scrolls of vulnerability {!r}
 Z - a scroll of enchant armour
Potions
 a - 4 potions of invisibility {unknown}
 b - a potion of magic
 g - 2 potions of heal wounds {unknown}
 h - 6 potions of curing {unknown}
 o - 2 potions of attraction {unknown}
 s - 4 potions of cancellation
 w - 4 potions of ambrosia
 x - 2 potions of resistance {unknown}
 B - 2 potions of lignification {!q}
 D - a potion of degeneration {unknown}
 G - a potion of brilliance
 J - 2 potions of might
 O - 3 potions of haste {unknown}
 R - a potion of mutation {unknown}
 U - a potion of enlightenment
Miscellaneous
 Y - a tin of tremorstones (1/2)

Dungeon Overview and Level Annotations

Branches:
Dungeon (11/15)            Temple (1/1) D:7            Lair (1/5) D:9
    Orc (0/2) D:10         Bailey (visited)

Altars:
Ashenzari
Cheibriados
Dithmenos
Elyvilon
Fedhas
Gozag
Hepliaklqana
Kikubaaqudgha
Makhleb
Nemelex Xobeh
Okawaru
Qazlal
Ru
Sif Muna
Trog
Uskayaw
Vehumet
Wu Jian
Xom
Yredelemnul
Zin
The Shining One

Shops:
D:2 =   D:5 *

Annotations:
Temple 2 transporters

#..................(
#....††.........#......
#................#.....
#.##.###.###....##.....
#P. ### #+# #....# ...#
##. ##...○##...# #.
#..○.○.....#
##.°.k.#...# ##.@..##
#.# ##.##P....†###.#
.........††.......
..................
..###########.#### # ##


You could see a rime drake (catching breath).


Message History

The skyshark is engulfed in blazing flames.
You block the skyshark's attack. The skyshark closely misses you.
The skyshark misses you.
Unknown command.
Aiming: Iceblast
Press: ? - help, Shift-Dir - straight line
Okay, then.
Okay, then.
Casting: Ignite Poison (dangerous; 2% risk of failure)
Confirm with . or Enter, or press ? or * to list all spells.
Okay, then.
Aiming: Iceblast
Press: ? - help, Shift-Dir - straight line The mass of ice explodes!
The iceblast engulfs the skyshark!
The skyshark is almost dead.
The skyshark is engulfed in blazing flames.
The skyshark misses you. The skyshark barely misses you.
You block the skyshark's attack.
Aiming: Iceblast
Press: ? - help, Shift-Dir - straight line The mass of ice explodes!
The iceblast engulfs the skyshark!
You kill the skyshark!
Vehumet accepts your kill.
You feel your power returning.
The iceblast engulfs the rime drake!
The rime drake partially resists.
The rime drake is heavily wounded.
The rime drake is engulfed in blazing flames.
The rime drake breathes ice at you. The icy flash freeze hits you!!
You die...

Skill      XL: |  1  2  3  4  5  6  7  8  9 10 11 12 |
---------------+-------------------------------------+-----
Stealth        | 3 4 5 |  5.0
Fighting       | 1 2 3 4 5 |  5.4
Dodging        | 2 |  2.0
Spellcasting   | 3 4 5 6 7 8 |  8.9
Necromancy     | 5 6 7 8 9 |  9.6
Evocations     | 1 2 3 4 5 |  5.1
Translocations | 2 3 4 |  4.0
Polearms       | 2 3 |  3.0
Shields        | 1 2 3 |  3.8
Axes           | 2 3 4 5 |  5.2
Fire Magic     | 1 3 4 5 |  5.3
Air Magic      | 1 3 4 5 |  5.2
Conjurations   | 1 2 |  2.3
Poison Magic   | 1 2 |  2.1
Transmutations | 1 2 |  2.2

Action                     |  1- 3 |  4- 6 |  7- 9 | 10-12 || total
---------------------------+-------+-------+-------+-------++-------
  Melee: Unarmed           |    45 |       |       |       ||    45
         Bite              |    22 |     8 |    96 |   168 ||   294
         Dagger            |       |    23 |    45 |       ||    68
         Punch             |       |       |     1 |       ||     1
         Spear             |       |       |   125 |       ||   125
         Hand axe          |       |       |   117 |   448 ||   565
   Cast: Necrotise         |    63 |    50 |    42 |     2 ||   157
         Vampiric Draining |       |     3 |    27 |    44 ||    74
         Mephitic Cloud    |       |       |       |    12 ||    12
         Ignite Poison     |       |       |       |     6 ||     6
         Plasma Beam       |       |       |       |     2 ||     2
  Evoke: Wand              |       |       |     5 |     6 ||    11
         Tin of tremorston |       |       |       |     2 ||     2
    Use: Scroll            |       |       |    12 |     6 ||    18
   Stab: Sleeping          |       |     3 |     5 |     2 ||    10
         Held in net/web   |       |       |       |     1 ||     1
         Confused          |       |       |       |     3 ||     3
         Distracted        |       |       |       |     1 ||     1
 Armour: Robe              |    24 |     7 |       |       ||    31
         Leather armour    |       |    11 |   130 |   241 ||   382
  Dodge: Dodged            |    32 |    13 |   239 |   291 ||   575
  Block: Other             |       |     4 |    48 |       ||    52
         Buckler           |       |       |    40 |   290 ||   330
         Reflection        |       |       |       |    16 ||    16

Levels and vault maps discovered:
D:1:      saegor_arrival_miasma, layout_basic,
          shapermc_ecumenical_altar_mp_urbaneastern
D:2:      layout_basic, serial_shops, shop
D:3:      layout_rooms, serial_curves, eino_curves_01, eino_curves_03
D:4:      layout_basic, hex_tiny, roderic_lattice_a
D:5:      layout_layer_cave, nicolae_alphabet_shops, uniq_blork_the_orc,
          uniq_ijyb
D:6:      layout_cave_pools, hangedman_decor_clover_reticule
D:7:      layout_rooms, grunt_temple_overflow_open,
          minmay_temple_entry_mini_moons, grunt_decor_one_mirror
D:8:      layout_basic, water_boxes_lemuel
D:9:      layout_cave_pools, erik_lair_island, serial_bayou_pond_d,
          grunt_decor_fettered, hangedman_tell_no_tales
D:10:     minmay_bubble_buster, layout_loops_corners,
          nicolae_overflow_hallway_of_the_gods, orc_0_dummy, enter_bailey_3
D:11:     layout_cave_pods, gammafunk_ghost_hydra_chop, uniq_urug, uniq_nergalle
Temple:   hellmonk_temple_divided_pantheon
Lair:1:   layout_regular_city, basic_altar, pond, lemuel_fruit_tree,
          grunt_megastairs_2, lemuel_fruit_fields, lemuel_fruit_fields

Notes
Turn   | Place    | Note
-------+----------+-------------------------------------------
     0 | D:1      | Jeffwins the Vine Stalker Necromancer began the quest for
                  | the Orb.
     0 | D:1      | Reached XP level 1. HP: 9/9 MP: 4/4
   206 | D:1      | Reached XP level 2. HP: 13/13 MP: 1/6
   278 | D:1      | Found a faded altar of an unknown god.
   788 | D:2      | Reached XP level 3. HP: 17/17 MP: 7/7
   792 | D:2      | Learned a level 3 spell: Vampiric Draining
   947 | D:2      | Found Aghypt's Jewellery Shoppe.
  1041 | D:2      | Reached skill level 3 in Stealth
  1143 | D:2      | You fall into a shaft and drop 2 floors!
  1241 | D:2      | Reached skill level 1 in Fighting
  1320 | D:2      | Reached skill level 2 in Dodging
  1384 | D:2      | Reached XP level 4. HP: 22/22 MP: 7/9
  1482 | D:2      | Reached skill level 3 in Spellcasting
  1655 | D:3      | Identified the +3 leather armour of the Bard {SInv}
  3020 | D:5      | Entered Level 5 of the Dungeon
  3020 | D:5      | Noticed Ijyb
  3026 | D:5      | Killed Ijyb
  3027 | D:5      | Reached XP level 5. HP: 25/25 MP: 3/10
  3150 | D:5      | Noticed an ogre
  3159 | D:5      | Killed an ogre
  3160 | D:5      | Reached skill level 5 in Necromancy
  3320 | D:5      | Reached skill level 1 in Evocations
  3320 | D:5      | Reached XP level 6. HP: 27/30 MP: 12/12
  3400 | D:5      | Noticed an ice beast
  3405 | D:5      | Killed an ice beast
  3406 | D:5      | Reached skill level 2 in Fighting
  3406 | D:5      | Reached skill level 4 in Stealth
  3406 | D:5      | Reached skill level 4 in Spellcasting
  3461 | D:5      | Noticed Blork the orc
  3472 | D:5      | Killed Blork the orc
  3473 | D:5      | Reached XP level 7. HP: 19/35 MP: 5/14
  4155 | D:5      | Found Gomaorph's Goods Gallery.
  4172 | D:5      | Reached skill level 2 in Evocations
  4185 | D:5      | Reached skill level 6 in Necromancy
  4399 | D:5      | Reached skill level 5 in Stealth
  4399 | D:5      | Reached skill level 5 in Spellcasting
  4399 | D:5      | Gained mutation: You have razor-sharp teeth. [Vine Stalker
                  | growth]
  4399 | D:5      | Reached XP level 8. HP: 39/39 MP: 6/16
  4404 | D:5      | Learned a level 2 spell: Blink
  4633 | D:6      | Reached skill level 3 in Fighting
  4675 | D:6      | Reached skill level 1 in Translocations
  4761 | D:6      | Reached skill level 1 in Polearms
  4929 | D:6      | Reached skill level 3 in Evocations
  4943 | D:6      | Reached skill level 2 in Polearms
  4943 | D:6      | Reached skill level 6 in Spellcasting
  4943 | D:6      | Reached skill level 7 in Necromancy
  4943 | D:6      | Reached skill level 2 in Translocations
  4947 | D:6      | Reached XP level 9. HP: 25/44 MP: 7/19
  5442 | D:7      | Found a shadowy altar of Dithmenos.
  5442 | D:7      | Found an ancient bone altar of Kikubaaqudgha.
  5442 | D:7      | Found a shimmering blue altar of Sif Muna.
  5442 | D:7      | Found a glowing silver altar of Zin.
  5442 | D:7      | Found a sacrificial altar of Ru.
  5444 | D:7      | Found a blossoming altar of Fedhas.
  5445 | D:7      | Found a glowing golden altar of the Shining One.
  5742 | D:7      | Got Sogesun's Treatise on Therianthropy and Shifting
  5919 | D:7      | Reached skill level 3 in Polearms
  5938 | D:7      | Found a staircase to the Ecumenical Temple.
  5963 | Temple   | Found a transporter.
  5963 | Temple   | Found a transporter.
  5963 | Temple   | Found a transporter.
  5963 | Temple   | Found a transporter.
  5963 | Temple   | Entered the Ecumenical Temple
  5976 | Temple   | Became a worshipper of Vehumet
  5999 | D:7      | Reached skill level 1 in Shields
  6351 | D:8      | Reached skill level 4 in Fighting
  6355 | D:8      | Reached skill level 1 in Axes
  6695 | D:8      | Learned a level 6 spell: Plasma Beam
  6730 | D:8      | Reached skill level 3 in Translocations
  6743 | D:8      | Reached skill level 7 in Spellcasting
  6792 | D:8      | Reached skill level 2 in Axes
  6798 | D:8      | Reached skill level 1 in Fire Magic
  6798 | D:8      | Reached skill level 1 in Air Magic
  6798 | D:8      | Reached XP level 10. HP: 47/50 MP: 14/21
  6857 | D:8      | Reached skill level 8 in Necromancy
  6873 | D:8      | Reached skill level 2 in Shields
  6893 | D:8      | Reached * piety under Vehumet
  6893 | D:8      | Offered knowledge of Freeze by Vehumet.
  6894 | D:8      | Reached skill level 2 in Fire Magic
  6894 | D:8      | Reached skill level 2 in Air Magic
  6970 | D:8      | Reached skill level 4 in Evocations
  7449 | D:9      | Reached skill level 3 in Axes
  7514 | D:9      | Offered knowledge of Static Discharge by Vehumet.
  7516 | D:9      | Reached ** piety under Vehumet
  7542 | D:9      | Paralysed by a hornet for 2 turns
  7545 | D:9      | Reached skill level 3 in Fire Magic
  7545 | D:9      | Reached skill level 3 in Air Magic
  7950 | D:9      | Found a staircase to the Lair.
  8207 | D:9      | Noticed an unseen horror
  8231 | D:9      | Killed an unseen horror
  8232 | D:9      | Reached XP level 11. HP: 50/54 MP: 23/23
  8372 | D:10     | Entered Level 10 of the Dungeon
  8405 | D:10     | Reached skill level 3 in Shields
  8425 | D:10     | Reached skill level 8 in Spellcasting
  8610 | D:10     | Found a flagged portal.
  8613 | D:10     | Offered knowledge of Mephitic Cloud by Vehumet.
  8622 | D:10     | Learned a level 3 spell: Mephitic Cloud
  8624 | Bailey   | Entered a bailey
  8721 | Bailey   | Identified a +0 crystal plate armour
  8726 | Bailey   | Found a large runed translucent door.
  8726 | Bailey   | Found a large runed translucent door.
  8727 | Bailey   | Noticed a deep elf pyromancer
  8727 | Bailey   | Noticed an orc knight
  8778 | Bailey   | Reached skill level 5 in Fighting
  8783 | Bailey   | Reached skill level 4 in Translocations
  8866 | Bailey   | Killed an orc knight
  8866 | Bailey   | Reached *** piety under Vehumet
  8867 | Bailey   | Reached skill level 4 in Axes
  8931 | Bailey   | Killed a deep elf pyromancer
  9033 | D:10     | Found a sparkling altar of Nemelex Xobeh.
  9033 | D:10     | Found an ornate altar of the Wu Jian Council.
  9040 | D:10     | Found a stormy altar of Qazlal.
  9043 | D:10     | Found a hazy altar of Hepliaklqana.
  9045 | D:10     | Found a burning altar of Makhleb.
  9050 | D:10     | Found an iron altar of Okawaru.
  9096 | D:10     | Reached skill level 9 in Necromancy
  9096 | D:10     | Reached skill level 4 in Fire Magic
  9096 | D:10     | Reached skill level 4 in Air Magic
  9124 | D:10     | Reached skill level 1 in Conjurations
  9203 | D:10     | Found a staircase to the Orcish Mines.
  9439 | D:10     | Reached skill level 1 in Poison Magic
  9485 | D:10     | Offered knowledge of Ignite Poison by Vehumet.
  9490 | D:10     | Learned a level 3 spell: Ignite Poison
  9633 | D:10     | Noticed a two-headed ogre
  9642 | D:10     | Killed a two-headed ogre
  9642 | D:10     | Noticed a two-headed ogre
  9829 | D:10     | Killed a two-headed ogre
  9877 | D:10     | Reached skill level 1 in Transmutations
 10107 | D:11     | Reached XP level 12. HP: 60/60 MP: 13/25
 10249 | D:11     | Reached skill level 5 in Fire Magic
 10249 | D:11     | Reached skill level 5 in Evocations
 10254 | D:11     | Reached skill level 2 in Conjurations
 10333 | Lair:1   | Entered Level 1 of the Lair of Beasts
 10344 | Lair:1   | Noticed an eight-headed hydra
 10354 | Lair:1   | Reached skill level 5 in Air Magic
 10355 | Lair:1   | Reached skill level 5 in Axes
 10421 | Lair:1   | Reached **** piety under Vehumet
 10433 | Lair:1   | Reached skill level 2 in Transmutations
 10471 | Lair:1   | Reached skill level 2 in Poison Magic
 10499 | Lair:1   | Offered knowledge of Sticky Flame by Vehumet.
 10532 | Lair:1   | Noticed a skyshark
 10548 | Lair:1   | HP: 6/60 [skyshark (10)]
 10550 | Lair:1   | Killed a skyshark
 10550 | Lair:1   | Killed from afar by a rime drake

Vanquished Creatures
  2 two-headed ogres (D:10)
  A skyshark (Lair:1)
  A deep elf pyromancer (Bailey)
  A swamp dragon (Lair:1)
  An orc knight (Bailey)
  A black mamba (Lair:1)
  2 gargoyles (D:11)
  2 unseen horrors
  A komodo dragon (D:10)
  A kobold demonologist (D:10)
  2 trolls
  3 meliai (D:11)
  2 hornets
  2 wyverns
  A wraith (D:10)
  18 yaks
  A basilisk (Lair:1)
  A vampire mosquito (Lair:1)
  2 steam dragons
  3 acid dragons
  4 water moccasins
  6 orc warriors
  3 swamp drakes (Lair:1)
  A black bear (D:5)
  2 ice beasts
  A sky beast (D:8)
  A wolf (D:9)
  An ogre (D:5)
  4 centaurs
  A phantom (D:6)
  Blork the orc (D:5)
  7 kobold brigands
  3 bullfrogs
  2 gnoll sergeants
  5 scorpions
  26 wights
  5 killer bees (D:10)
  5 spriggan skeletons (D:9)
  A howler monkey (D:10)
  A troll skeleton (D:9)
  2 electric eels (D:9)
  A jelly (D:5)
  7 hounds
  8 orc priests
  3 gnoll boudas
  Ijyb (D:5)
  3 iguanas
  7 orc wizards
  20 gnolls
  4 adders
  A worm (D:2)
  2 dart slugs
  30 orcs
  4 endoplasms (D:2)
  6 giant cockroaches
  8 goblins
  8 hobgoblins
  A quokka (D:1)
  7 ball pythons
  3 bats
  2 frilled lizards
  30 kobolds
  2 rats (D:2)
  A butterfly (Lair:1)
289 creatures vanquished.

Vanquished Creatures (collateral kills)
  2 orcs (D:6)
  A goblin (D:1)
  A kobold (D:2)
  2 rats (D:1)
6 creatures vanquished.

Vanquished Creatures (others)
  A kobold brigand (D:10)
  A jelly (D:6)
  2 kobolds
4 creatures vanquished.

Grand Total: 299 creatures vanquished

Table legend: (Time is in decaauts)
 A = Elapsed time spent in this place.
 B = Non-inter-level travel time spent in this place.
 C = Inter-level travel time spent in this place.
 D = Time resting spent in this place.
 E = Time spent auto-exploring this place.
 F = Levels seen in this place.
 G = Mean time per level.
                   A        B        C        D        E       F      G
               +--------+--------+--------+--------+--------+-----+--------+
         Total |  10649 |  10338 |    311 |    370 |   7154 |  14 |  760.6 |
       Dungeon |  10008 |   9710 |    298 |    349 |   6894 |  11 |  909.8 |
        Temple |     27 |     15 |     12 |      0 |      0 |   1 |   27.0 |
          Lair |    219 |    219 |      0 |     21 |     69 |   1 |  219.0 |
        Bailey |    394 |    394 |      0 |      0 |    191 |   1 |  394.0 |
               +--------+--------+--------+--------+--------+-----+--------+

Top non-repeatable levels by time:
     D:5: 1611 daAuts
    D:10: 1316 daAuts
     D:8: 1167 daAuts
     D:9: 973 daAuts
     D:4: 891 daAuts
     D:2: 860 daAuts
     D:7: 843 daAuts
     D:6: 813 daAuts
     D:1: 718 daAuts
     D:3: 547 daAuts
  Bailey: 394 daAuts
    D:11: 263 daAuts
  Lair:1: 219 daAuts
  Temple: 27 daAuts

Table legend:
 A = Non-vault XP
 B = Vault XP
 C = Vault XP percentage of total XP
 D = Non-vault monster count
 E = Vault monster count
 F = Vault count percentage of total count
                 A         B        C        D         E       F
            +---------+---------+-------+---------+---------+-------
      Total |   15611 |    8223 |  34.5 |     245 |      50 |  16.9
            +---------+---------+-------+---------+---------+-------
        D:1 |      24 |       0 |   0.0 |      15 |       0 |   0.0
        D:2 |      83 |       0 |   0.0 |      25 |       0 |   0.0
        D:3 |      18 |       0 |   0.0 |       8 |       0 |   0.0
        D:4 |      28 |       0 |   0.0 |       8 |       0 |   0.0
        D:5 |    1056 |     135 |  11.3 |      22 |       2 |   8.3
        D:6 |    1183 |       0 |   0.0 |      27 |       0 |   0.0
        D:7 |     987 |       0 |   0.0 |      23 |       0 |   0.0
        D:8 |    2901 |       0 |   0.0 |      36 |       0 |   0.0
        D:9 |    1924 |    1323 |  40.7 |      33 |      13 |  28.3
       D:10 |    2656 |    3720 |  58.3 |      31 |      17 |  35.4
       D:11 |    1821 |       0 |   0.0 |       6 |       0 |   0.0
     Lair:1 |    2930 |    1225 |  29.5 |      11 |       5 |  31.2
     Bailey |       0 |    1820 | 100.0 |       0 |      13 | 100.0
            +---------+---------+-------+---------+---------+-------
